 Dungeon Crawl Stone Soup version 0.26-a0-667-g92642533e4 (webtiles) character file.

Game seed: 17798863523629659702

29 miscthings the Cutter (level 3, -1/23 HPs)
             Began as a Kobold Berserker on Oct 16, 2020.
             Was a Follower of Trog.
             Killed by divine providence
             ... invoked by an orc priest
              (14 damage)
             ... on level 3 of the Dungeon.
             The game lasted 00:01:34 (1527 turns).

miscthings the Cutter (Kobold Berserker)            Turns: 1527, Time: 00:01:34

Health: -1/23      AC:  7    Str: 14    XL:     3   Next: 32%
Magic:  3/3        EV: 15    Int:  9    God:    Trog [*.....]
Gold:   101        SH:  0    Dex: 14    Spells: 2/2 levels left

rFire    . . .     SeeInvis .   p - +0 short sword (drain)
rCold    . . .     Faith    .   (shield restricted)
rNeg     . . .     Spirit   .   b - +0 animal skin
rPois    .         Reflect  .   g - +0 helmet
rElec    .         Harm     .   (no cloak)
rCorr    .         Rampage  .   (no gloves)
MR       .....                  (no boots)
Stlth    +++.......             (no amulet)
HPRegen  0.07/turn              c - +4 ring of protection
MPRegen  0.08/turn              m - ring of stealth

@: no status effects
A: small, nightstalker 3
a: Berserk, Renounce Religion


You were on level 3 of the Dungeon.
You worshipped Trog.
Trog was aware of your devotion.
You visited 1 branch of the dungeon, and saw 3 of its levels.

You collected 101 gold pieces.

Inventory:

Hand Weapons
 p - a +0 short sword of draining (weapon)
Armour
 b - a +0 animal skin (worn)
 g - a +0 helmet (worn)
Jewellery
 c - a +4 ring of protection (left hand)
 m - a ring of stealth (right hand)
Scrolls
 e - 2 scrolls of teleportation {unknown}
 f - a scroll of enchant weapon {unknown}
 h - 2 scrolls of identify {unknown}
 i - a scroll of magic mapping {unknown}
 l - 3 scrolls of remove curse
 n - a scroll of enchant armour {unknown}
Potions
 a - 3 potions of curing {unknown}
 d - a potion of mutation {unknown}
 j - a potion of invisibility {unknown}
 k - a potion of brilliance {unknown}
 o - a potion of flight {unknown}
 q - a potion of degeneration {unknown}


   Skills:
 - Level 3.2 Fighting
 + Level 5.6 Short Blades
 - Level 1.5 Armour
 - Level 2.4 Dodging


You had 2 spell levels left.
You didn't know any spells.
Your spell library was empty.

Dungeon Overview and Level Annotations

Branches:
Dungeon (3/15)

Altars:
Wu Jian


Innate Abilities, Weirdness & Mutations

You are small and have problems with some larger weapons.
You are completely attuned to the shadows.


Message History

You kill the orc!
Trog accepts your kill.
The orc wizard gestures at you while chanting.
You are confused.
You hit the orc wizard. You drain the orc wizard.
The orc wizard is moderately wounded.
The orc wizard gestures at you while chanting.
The puff of flame hits you!
You miss the orc wizard.
The orc wizard is moderately wounded.
The orc wizard casts a spell at you. The magic dart hits you.
The orc wizard casts a spell at you.
The magic dart hits you but does no damage.
You feel less confused. The orc wizard closely misses you.
The orc priest calls down the wrath of Beogh upon you.
Beogh smites you!
Ouch! That really hurt!
You die...

####o. ###
#..... ...
##....
###.##..)#
.......o.##
........##
.....oo.#
....^@..#
....<...#
.........#
.........#
..#....#.(
.#####..


You could see an orc priest, an orc wizard (drained) and an orc.

Vanquished Creatures
  2 dart slugs
  An orc (D:3)
  A giant cockroach (D:2)
  2 goblins (D:1)
  A hobgoblin (D:2)
  4 jackals (D:1)
  3 bats
  2 frilled lizards (D:1)
  3 kobolds (D:1)
  4 rats (D:1)
23 creatures vanquished.

Notes
Turn   | Place    | Note
-------+----------+-------------------------------------------
     0 | D:1      | miscthings the Kobold Berserker began the quest for the
                  | Orb.
     0 | D:1      | Reached XP level 1. HP: 14/14 MP: 1/1
   275 | D:1      | Reached XP level 2. HP: 19/19 MP: 2/2
   460 | D:1      | Reached skill level 5 in Short Blades
   591 | D:1      | Reached XP level 3. HP: 23/23 MP: 3/3
  1005 | D:2      | Found an ornate altar of the Wu Jian Council.
  1527 | D:3      | Killed from afar by an orc priest

Illustrated notes

Levels and vault maps discovered:
D:1:      onia_arrival_handbag, layout_loops_ring, due_unseen_surprise
D:2:      layout_basic, overflow_temple_1_default
D:3:      layout_rooms, minmay_fractal_squares_5

Skill      XL: |  1  2 |
---------------+-------+-----
Short Blades   | 5 |  5.6
Fighting       | |  3.2
Armour         | |  1.5
Dodging        | |  2.4

Action                   || total
-------------------------++-------
Melee: Short sword       ||    52
  Use: Scroll            ||     1
 Stab: Sleeping          ||     7
Armor: Animal skin       ||     8
Dodge: Dodged            ||    32

Table legend: (Time is in decaauts)
 A = Elapsed time spent in this place.
 B = Non-inter-level travel time spent in this place.
 C = Inter-level travel time spent in this place.
 D = Time resting spent in this place.
 E = Time spent auto-exploring this place.
 F = Levels seen in this place.
 G = Mean time per level.
                   A        B        C        D        E       F      G
               +--------+--------+--------+--------+--------+-----+--------+
         Total |   1515 |   1479 |     36 |      0 |   1297 |   3 |  505.0 |
       Dungeon |   1515 |   1479 |     36 |      0 |   1297 |   3 |  505.0 |
               +--------+--------+--------+--------+--------+-----+--------+

Top non-repeatable levels by time:
     D:2: 884 daAuts
     D:1: 618 daAuts
     D:3: 13 daAuts
